 Dungeon Crawl Stone Soup version 0.28.0-53-g5a82cb258f (webtiles) character file.

Game seed: 10860349190572619682

82 purpskrrrp the Firebug (level 4, -6/31 HPs)
             Began as a Demonspawn Wanderer on June 23, 2022.
             Mangled by a gnoll
             ... wielding a +0 halberd
              (10 damage)
             ... on level 2 of the Dungeon.
             The game lasted 00:06:21 (2169 turns).

purpskrrrp the Firebug (Demonspawn Wanderer)        Turns: 2169, Time: 00:06:22

Health: -6/31      AC:  3    Str: 12    XL:     4   Next: 21%
Magic:  1/5        EV: 12    Int: 11    God:
Gold:   48         SH:  0    Dex: 17    Spells: 4/5 levels left

rFire   . . .      SeeInvis .   g - +2 dagger (drain)
rCold   . . .      Faith    .   h - orb {light}
rNeg    . . .      Spirit   .   c - +0 robe
rPois   .          Reflect  .   (no helmet)
rElec   .          Harm     .   (no cloak)
rCorr   .          Rampage  .   b - +0 pair of gloves
Will    .....                   (no boots)
Stlth   +.........              (no amulet)
HPRegen 0.10/turn               (no ring)
MPRegen 0.09/turn               (no ring)

@: glowing
A: hooves 1, foul stench 1
a: no special abilities


You were on level 2 of the Dungeon.
You visited 1 branch of the dungeon, and saw 2 of its levels.

You collected 48 gold pieces.

Inventory:

Hand Weapons
 a - a +0 dagger
 e - a +0 falchion
 g - a +2 dagger of draining (weapon)
Missiles
 m - 11 bolts
 n - 6 javelins
Armour
 b - a +0 pair of gloves (worn)
 c - a +0 robe (worn)
 h - an orb of light (worn)
Jewellery
 r - a ring of wizardry
Scrolls
 f - 3 scrolls of identify {unknown}
 j - 2 scrolls of teleportation
 l - a scroll of fog {unknown}
Potions
 d - a potion of lignification
 i - 2 potions of berserk rage {unknown}
 k - a potion of might {unknown}
 o - a potion of heal wounds {unknown}
 p - a potion of curing {unknown}
 q - a potion of degeneration {unknown}


   Skills:
 + Level 0.6 Fighting
 + Level 1.3(1.6) Short Blades
 + Level 1.1(1.4) Long Blades
 + Level 1.3 Dodging
 + Level 1.9 Stealth
 + Level 2.0 Unarmed Combat
 + Level 1.0 Spellcasting
 + Level 4.1 Fire Magic
 + Level 1.0 Evocations


You had 4 spell levels left.
You knew the following spells:

 Your Spells              Type           Power      Damage    Failure   Level
a - Foxfire               Conj/Fire      20%        2x1d5     14%         1

Your spell library contained the following spells:

 Spells                   Type           Power      Damage    Failure   Level
 Flame Wave               Conj/Fire      5%         2d5       80%         4
 Sticky Flame             Conj/Fire      5%         2d3       80%         4


Dungeon Overview and Level Annotations

Branches:
Dungeon (2/15)

Altars:


Innate Abilities, Weirdness & Mutations

You have large cloven feet.
You may rarely emit foul miasma when damaged in melee.


Message History

The gnoll is moderately wounded.
The gnoll hits you with a +0 whip.
You hit the gnoll. You drain the gnoll.
The gnoll is almost dead.
The gnoll closely misses you. The gnoll completely misses you.
You hit the gnoll.
You kill the gnoll!
The gnoll closely misses you.
You have reached level 4!
You feel stronger.
You hit the gnoll. You drain the gnoll. You kick the gnoll, but do no damage.
The gnoll is moderately wounded.
The gnoll hits you from afar with a +0 halberd!
The gnoll closely misses you.
You hit the gnoll. You kick the gnoll, but do no damage.
The gnoll is severely wounded.
The gnoll hits you from afar with a +0 halberd.
* * * LOW HITPOINT WARNING * * *
The gnoll hits you with a +0 spear.
* * * LOW HITPOINT WARNING * * *
You hit the gnoll. You kick the gnoll, but do no damage.
The gnoll is severely wounded.
The gnoll barely misses you. The gnoll hits you with a +0 spear.
* * * LOW HITPOINT WARNING * * *
You hit the gnoll.
You kill the gnoll!
The gnoll barely misses you.
A quokka comes into view.
Casting: Foxfire (safe; 14% risk of failure)
Press: ? - help, Q - select action, (/) - cycle Dir - look around, f - activate You conjure some foxfire!
Your foxfire dissipates!
The foxfire hits the gnoll but does no damage.
The quokka closely misses you.
Casting: Foxfire (safe; 14% risk of failure)
Press: ? - help, Q - select action, (/) - cycle Dir - look around, f - activate You conjure some foxfire!
The quokka closely misses you.
The gnoll hits you from afar with a +0 halberd!
You die...

######## ........ . ........
... ........
.....#######....... ........
......r@vg.+...>... ........
.....#####.#....... ########
### #.#....... ###########
#.#....... #.........#
####.#g...... #.........#
###....#....... #.........#
#......).......
#.........####.#....#.......
...............#....#.......


You could see a gnoll (ally target) and a quokka.

Vanquished Creatures
  3 gnolls (D:2)
  An adder (D:2)
  A dart slug (D:1)
  4 ball pythons
  2 endoplasms (D:1)
  4 giant cockroaches
  3 hobgoblins
  3 kobolds
  4 quokkas
  5 bats
  2 frilled lizards
  3 goblins
  5 rats
40 creatures vanquished.

Vanquished Creatures (others)
  7 foxfires
7 creatures vanquished.

Grand Total: 47 creatures vanquished

Notes
Turn   | Place    | Note
-------+----------+-------------------------------------------
     0 | D:1      | purpskrrrp the Demonspawn Wanderer began the quest for the
                  | Orb.
     0 | D:1      | purpskrrrp set off with the following items: a +0 dagger, a
                  | +0 pair of gloves, a +0 robe, a potion of lignification;
                  | and the following spell memorised: Foxfire; and the
                  | following spells available to memorise: Flame Wave, Sticky
                  | Flame
     0 | D:1      | Reached XP level 1. HP: 13/13 MP: 2/2
   450 | D:1      | Found a faded altar of an unknown god.
   459 | D:1      | Gained mutation: You may rarely emit foul miasma when
                  | damaged in melee. [demonic ancestry]
   459 | D:1      | Reached XP level 2. HP: 14/18 MP: 3/3
   703 | D:1      | Reached skill level 4 in Fire Magic
  1550 | D:2      | Discovered your monstrous ancestry.
  1550 | D:2      | Gained mutation: You have large cloven feet. [demonic
                  | ancestry]
  1550 | D:2      | Reached XP level 3. HP: 19/24 MP: 4/4
  1846 | D:2      | Reached skill level 1 in Long Blades
  1854 | D:2      | Reached skill level 1 in Short Blades
  2005 | D:2      | Reached skill level 1 in Dodging
  2157 | D:2      | Reached XP level 4. HP: 27/31 MP: 2/5
  2169 | D:2      | Mangled by a gnoll

Illustrated notes

Levels and vault maps discovered:
D:1:      amcnicky_arrival_flooded_fountain, layout_basic,
          hellmonk_ecumenical_altar_pennies_from_heaven,
          kennysheep_decorative_pillar, hex_medium
D:2:      layout_basic

Skill      XL: |  1  2  3 |
---------------+----------+-----
Unarmed Combat | 2 |  2.0
Fire Magic     | 4 |  4.1
Long Blades    | 1 |  1.1
Short Blades   | 1 |  1.3
Dodging        | 1 |  1.3
Fighting       | |  0.6
Stealth        | |  1.9
Spellcasting   | |  1.0
Evocations     | |  1.0

Action                   |  1- 3 |  4- 6 || total
-------------------------+-------+-------++-------
Melee: Falchion          |    13 |       ||    13
       Dagger            |    68 |     4 ||    72
       Kick              |     7 |     3 ||    10
 Cast: Foxfire           |     4 |     2 ||     6
  Use: Scroll            |     1 |       ||     1
Armor: Robe              |    26 |       ||    26
Dodge: Dodged            |    68 |     5 ||    73
